 Dungeon Crawl Stone Soup version 0.29.1-2-gbd0b4ee654 (webtiles) character file.

Game seed: 3954317949599233016

109 xian the Trooper (level 4, 0/37 HPs)
             Began as a Demonspawn Abyssal Knight on Nov 4, 2022.
             Was an Elder of Lugonu.
             Succumbed to an adder's poison
             ... on level 3 of the Dungeon.
             The game lasted 00:05:47 (2116 turns).

xian the Trooper (Demonspawn Abyssal Knight)        Turns: 2116, Time: 00:05:47

Health: 0/37       AC:  4    Str: 15    XL:     4   Next: 60%
Magic:  6/6        EV: 11    Int: 11    God:    Lugonu [****..]
Gold:   187        SH:  0    Dex: 14    Spells: 3/3 levels left

rFire   . . .      SeeInvis .   a - +1 hand axe
rCold   . . .      Faith    .   (no shield)
rNeg    . . .      Spirit   .   b - +0 leather armour
rPois   .          Reflect  .   (no helmet)
rElec   .          Harm     .   (no cloak)
rCorr   .          Rampage  .   (no gloves)
Will    +....                   c - +0 pair of boots
Stlth   +.........              (no amulet)
HPRegen 0.12/turn               d - ring of willpower
MPRegen 0.10/turn               (no ring)

@: lethally poisoned (0 -> -2)
A: hooves 1, ignite blood 1, powered by death 1
a: Renounce Religion, Depart the Abyss, Bend Space, Banish, Corrupt


You were on level 3 of the Dungeon.
You worshipped Lugonu.
Lugonu was greatly pleased with you.
You visited 1 branch of the dungeon, and saw 3 of its levels.
You visited the Abyss 1 time.

You collected 187 gold pieces.

Inventory:

Hand Weapons
 a - a +1 hand axe (weapon)
Missiles
 g - 4 atropa-tipped darts (quivered)
Armour
 b - a +0 leather armour (worn)
 c - a +0 pair of boots (worn)
Jewellery
 d - a ring of willpower (left hand)
Scrolls
 f - a scroll of enchant armour
 h - 3 scrolls of immolation {unknown}
 i - a scroll of amnesia
 j - a scroll of poison
 k - 3 scrolls of teleportation
Potions
 e - a potion of degeneration {unknown}
 l - a potion of might
 m - a potion of ambrosia {unknown}
 n - a potion of mutation {unknown}
 o - a potion of curing {unknown}


   Skills:
 + Level 3.9 Fighting
 + Level 2.9 Axes
 + Level 2.1 Armour
 + Level 1.2 Dodging
 + Level 0.1 Stealth
 * Level 3.3 Invocations


You had 3 spell levels left.
You didn't know any spells.
Your spell library contained the following spells:

 Spells                   Type           Power      Damage    Failure   Level
 Sandblast                Erth           0%         2d4       41%         1
 Passwall                 Tmut/Erth      0%         N/A       54%         2
 Inner Flame              Hex/Fire       0%         N/A       78%         3
 Stone Arrow              Conj/Erth      0%         3d7       78%         3
 Cause Fear               Hex            0%         N/A       99%         4
 Discord                  Hex            0%         N/A       100%        8


Dungeon Overview and Level Annotations

Branches:
Dungeon (3/15)

Altars:


Innate Abilities, Weirdness & Mutations

You have large cloven feet.
Your demonic aura sometimes causes spilled blood to erupt in flames.
You regenerate a little health from kills.


Message History

You are poisoned.
The adder poisons you! The adder bites you but does no damage.
You miss the adder.
The adder is moderately wounded.
You feel sick. The adder barely misses you.
You hit the adder.
The adder is heavily wounded.
You feel sick. The adder bites you. The adder closely misses you.
You closely miss the adder.
The adder is heavily wounded.
You feel sick. The adder bites you but does no damage.
You closely miss the adder.
The adder is heavily wounded.
You feel sick. The adder bites you.
You are more poisoned.
The adder poisons you! The adder bites you.
* * * LOW HITPOINT WARNING * * *
You hit the adder.
The adder is severely wounded.
* * * LOW HITPOINT WARNING * * *
You feel very sick.
The adder is engulfed in blazing flames.
You kill the adder!
Lugonu accepts your kill.
You feel sick.
Found a long sword.
You feel sick. The goblin hits you with a +0 dagger.
* * * LOW HITPOINT WARNING * * *
There is an open door, spattered with blood here.
Items here: ) [ ††.
You closely miss the goblin. You hit the ball python.
* * * LOW HITPOINT WARNING * * *
You feel sick. The ball python closely misses you. The ball python grabs you.
The ball python constricts you.
* * * LOW HITPOINT WARNING * * *
The goblin hits you but does no damage.
You escape the ball python's grasp.
The ball python attacks as you move away!
The ball python bites you but does no damage.
The ball python completely misses you.
You die...

..###....##........#
....##)##..###.########
.....#.#...)#..#
..#.##.##.#...##
.####...####..#
##$...=...?##.#
)####...####..#
..#.##S##.#).##
#....#g)@...##
###.##$##.### #..###..#
##..#..## ##...## #####


You could see a goblin and a ball python.

Vanquished Creatures
  2 adders
  2 worms
  2 dart slugs
  2 orcs (D:3)
  6 bats
  6 endoplasms
  2 giant cockroaches
  7 goblins
  8 hobgoblins
  7 jackals
  A quokka (D:1)
  5 ball pythons
  4 frilled lizards
  10 kobolds
  9 rats
73 creatures vanquished.

Vanquished Creatures (others)
  A demonic plant (D:1)
  2 fungi (D:1)
  3 plants (D:1)
  A withered plant (D:1)
7 creatures vanquished.

Grand Total: 80 creatures vanquished

Notes
Turn   | Place    | Note
-------+----------+-------------------------------------------
     0 | Abyss:1  | xian the Demonspawn Abyssal Knight began the quest for the
                  | Orb.
     0 | Abyss:1  | Reached XP level 1. HP: 18/18 MP: 2/2
     1 | D:1      | Escaped the Abyss
   228 | D:1      | Gained mutation: You have large cloven feet. [demonic
                  | ancestry]
   228 | D:1      | Reached XP level 2. HP: 24/24 MP: 3/3
   415 | D:1      | Reached *** piety under Lugonu
   430 | D:1      | Gained mutation: You regenerate a little health from kills.
                  | [demonic ancestry]
   430 | D:1      | Reached XP level 3. HP: 16/29 MP: 5/5
   761 | D:1      | Found a faded altar of an unknown god.
   904 | D:2      | Reached skill level 1 in Dodging
  1143 | D:2      | Gained mutation: Your demonic aura sometimes causes spilled
                  | blood to erupt in flames. [demonic ancestry]
  1143 | D:2      | Reached XP level 4. HP: 23/37 MP: 6/6
  2101 | D:3      | Reached **** piety under Lugonu
  2115 | D:3      | HP: 1/37 [constriction (1)]
  2116 | D:3      | Succumbed to an adder's poison

Illustrated notes

Levels and vault maps discovered:
D:1:      dpeg_arrival_rhombus, layout_basic, shapermc_ecumenical_altar_gd,
          corexii_leaking_fountain
D:2:      layout_basic, kennysheep_generic_room_16
D:3:      kennysheep_six_static_rooms, layout_rooms,
          minmay_fractal_squares_gapless_5, uniq_ijyb

Skill      XL: |  1  2  3 |
---------------+----------+-----
Axes           | 2 |  2.9
Armour         | 2 |  2.1
Invocations    | 3 |  3.3
Dodging        | 1 |  1.2
Fighting       | |  3.9
Stealth        | |  0.1

Action                   |  1- 3 |  4- 6 || total
-------------------------+-------+-------++-------
Melee: Hand axe          |   131 |    72 ||   203
       Punch             |       |     3 ||     3
Throw: Dart              |     1 |       ||     1
  Use: Scroll            |       |     5 ||     5
Armor: Leather armour    |    59 |    20 ||    79
Dodge: Dodged            |    99 |    39 ||   138
